 Dungeon Crawl Stone Soup version 0.27-a0-1217-g8a41f320e8 (webtiles) character file.

Game seed: 2918815841124665558

130 Monzz the Chopper (level 5, -1/48 HPs)
             Began as a Hill Orc Berserker on June 5, 2021.
             Was a Believer of Trog.
             Slain by an orc wizard
             ... wielding a +0 dagger
              (3 damage)
             ... on level 3 of the Dungeon.
             The game lasted 00:05:09 (3049 turns).

Monzz the Chopper (Hill Orc Berserker)              Turns: 3049, Time: 00:05:10

Health: -1/48      AC:  2    Str: 20    XL:     5   Next: 13%
Magic:  5/5        EV: 12    Int:  8    God:    Trog [**....]
Gold:   78         SH:  0    Dex: 10    Spells: 4/4 levels left

rFire    . . .     SeeInvis .   a - +0 hand axe
rCold    . . .     Faith    .   (no shield)
rNeg     . . .     Spirit   .   b - +0 animal skin
rPois    .         Reflect  .   (no helmet)
rElec    .         Harm     .   (no cloak)
rCorr    .         Rampage  .   (no gloves)
Will     .....                  (no boots)
Stlth    +.........             (no amulet)
HPRegen  0.16/turn              (no ring)
MPRegen  0.09/turn              (no ring)

@: no status effects
A: no striking features
a: Renounce Religion, Berserk, Trog's Hand


You were on level 3 of the Dungeon.
You worshipped Trog.
Trog was pleased with you.
You visited 1 branch of the dungeon, and saw 3 of its levels.

You collected 78 gold pieces.

Inventory:

Hand Weapons
 a - a +0 hand axe (weapon)
 q - a +2 vampiric spear
Missiles
 r - 3 poisoned darts
Armour
 b - a +0 animal skin (worn)
 n - a +0 scale mail
Jewellery
 k - an amulet of regeneration
Scrolls
 g - 2 scrolls of brand weapon {unknown}
 h - a scroll of summoning {unknown}
 i - 2 scrolls of blinking {unknown}
 m - a scroll of identify {unknown}
 o - a scroll of teleportation {unknown}
 p - a scroll of noise {unknown}
Potions
 c - 2 potions of lignification {unknown}
 d - 2 potions of attraction {unknown}
 e - a potion of ambrosia {unknown}
 f - 4 potions of curing {unknown}
 j - a potion of flight {unknown}
 l - a potion of degeneration {unknown}


   Skills:
 + Level 5.0 Fighting
 + Level 5.7 Axes
 + Level 2.3 Armour
 + Level 2.1 Dodging
 + Level 0.2 Stealth


You had 4 spell levels left.
You didn't know any spells.
Your spell library was empty.

Dungeon Overview and Level Annotations

Branches:
Dungeon (3/15)

Altars:

Shops:
D:2 [


Message History

The orc is lightly wounded.
The orc hits you with a +0 hand axe.
You hit the orc.
You kill the orc!
Trog accepts your kill.
You hit the orc but do no damage. The orc hits you with a +0 hand axe.
The orc wizard closely misses you.
You closely miss the orc wizard. You barely miss the orc.
The orc hits you but does no damage. The orc wizard barely misses you.
The orc hits you with a +0 hand axe.
* * * LOW HITPOINT WARNING * * *
You hit the orc wizard.
The orc wizard is lightly wounded.
You barely miss the orc.
You feel yourself speed up. The orc wizard closely misses you.
The orc hits you but does no damage.
The orc wizard hits you with a +0 dagger.
* * * LOW HITPOINT WARNING * * *
You recover from your berserk rage.
The orc wizard casts a spell.
The orc wizard flickers and vanishes!
Deactivating autopickup; reactivate with Ctrl-A.
You hit the orc.
The orc is severely wounded.
The orc hits you with a +0 hand axe.
* * * LOW HITPOINT WARNING * * *
You slash the orc!
You kill the orc!
Trog accepts your kill. Something barely misses you.
You hear some strange, mumbled words.
A magic dart appears from out of thin air!
The magic dart hits you.
* * * LOW HITPOINT WARNING * * *
You closely miss something. Something hits you.
* * * LOW HITPOINT WARNING * * *
You hit something. Something hits you.
* * * LOW HITPOINT WARNING * * *
You closely miss something. Something hits you.
You die...

#.†.).#######...#.#.#.###
###........##............
#........##.....###.###
#........##.##### #.#
#........'.)# #o###
#........##.# #...#
#........#..# #.#.#
#######'##.#### #....
#..@{...)..#######)#
#####.#.##.....o...#
.....##.###.#####
#####^##.# #.# ####.###.#
#.....# #######


There were no monsters in sight!

Vanquished Creatures
  2 orc wizards (D:3)
  An adder (D:2)
  A worm (D:2)
  6 dart slugs
  5 orcs (D:3)
  3 endoplasms (D:2)
  A giant cockroach (D:2)
  7 goblins
  4 hobgoblins
  2 jackals (D:2)
  2 quokkas
  3 ball pythons (D:1)
  4 bats
  2 frilled lizards
  5 kobolds
  3 rats (D:2)
51 creatures vanquished.

Notes
Turn   | Place    | Note
-------+----------+-------------------------------------------
     0 | D:1      | Monzz the Hill Orc Berserker began the quest for the Orb.
     0 | D:1      | Reached XP level 1. HP: 19/19 MP: 1/1
   230 | D:1      | Found a faded altar of an unknown god.
   246 | D:1      | Reached XP level 2. HP: 27/27 MP: 2/2
   797 | D:2      | Found Rahousm's Antique Armour Emporium.
   814 | D:2      | Reached XP level 3. HP: 22/33 MP: 3/3
  1596 | D:2      | Reached skill level 5 in Axes
  2011 | D:2      | Reached ** piety under Trog
  2152 | D:2      | Reached XP level 4. HP: 38/41 MP: 4/4
  3003 | D:3      | Reached skill level 5 in Fighting
  3003 | D:3      | Reached XP level 5. HP: 48/48 MP: 5/5
  3048 | D:3      | HP: 2/48 [something (3)]
  3049 | D:3      | Slain by an orc wizard

Illustrated notes

Levels and vault maps discovered:
D:1:      grunt_arrival_crossed_arrows, layout_rooms, basic_ecumenical_altar,
          minmay_pentomino_o4
D:2:      layout_basic, serial_shops, shop, minmay_misc_feat_rows,
          corexii_hall_statues_l, minmay_statues_item, minivault_19
D:3:      layout_basic, zin_treasury, dk_vineyard_3, kennysheep_minor_cross

Skill      XL: |  1  2  3  4 |
---------------+-------------+-----
Fighting       | 4 5 |  5.0
Axes           | 5 |  5.7
Dodging        | 2 |  2.1
Armour         | |  2.3
Stealth        | |  0.2

Action                   |  1- 3 |  4- 6 || total
-------------------------+-------+-------++-------
Melee: Hand axe          |   130 |    64 ||   194
Invok: Berserk           |     3 |     1 ||     4
Armor: Animal skin       |    28 |     9 ||    37
Dodge: Dodged            |    96 |    28 ||   124

Table legend: (Time is in decaauts)
 A = Elapsed time spent in this place.
 B = Non-inter-level travel time spent in this place.
 C = Inter-level travel time spent in this place.
 D = Time resting spent in this place.
 E = Time spent auto-exploring this place.
 F = Levels seen in this place.
 G = Mean time per level.
                   A        B        C        D        E       F      G
               +--------+--------+--------+--------+--------+-----+--------+
         Total |   3092 |   3055 |     37 |    521 |   2046 |   3 | 1030.7 |
       Dungeon |   3092 |   3055 |     37 |    521 |   2046 |   3 | 1030.7 |
               +--------+--------+--------+--------+--------+-----+--------+

Top non-repeatable levels by time:
     D:2: 1633 daAuts
     D:1: 821 daAuts
     D:3: 637 daAuts
